AoeStats
← EnriquePrz6876

Glade

510920912Analyzed
1v1 RM · 16h ago on Oct 3, 2026· 72m 20s· 2 players
Game mode
Random Map
Map size
Tiny (2 player)
Population
200
Speed
Normal
Resources
Standard
Victory
Conquest
Starting age
Dark Age
Ending age
Imperial Age
RankedLock teamsTeams togetherTeam positionsShared explorationLock speedFull tech treeHidden civsTurbo modeCheats
Victory
Defeat
🇺🇸 Ethiopians · United States
648
+17
🇲🇽 Mongols · Mexico
676
-17
Major-_-Murph
11:38 Feudal Age
11:35 Loom
12:47 Double-Bit Axe
17:17 Horse Collar
19:21 Wheelbarrow
23:01 Castle Age
22:40 Fletching
22:53 Padded Archer Armor
23:38 Bodkin Arrow
23:22 Crossbowman
28:57 Squires
28:52 Stone Mining
28:54 Gold Mining
36:33 Imperial Age
35:19 Elite Skirmisher
42:36 Ballistics
42:33 Forging
42:25 Scale Mail Armor
48:56 Chemistry
48:21 Hand Cart
63:27 Halberdier
64:29 Bracer
64:45 Leather Archer Armor
EnriquePrz6876
10:34 Feudal Age
11:35 Double-Bit Axe
14:22 Bloodlines
14:37 Horse Collar
24:23 Castle Age
24:29 Elite Skirmisher
25:16 Thumb Ring
25:37 Padded Archer Armor
25:27 Fletching
25:43 Scale Barding Armor
26:50 Leather Archer Armor
28:51 Husbandry
28:12 Light Cavalry
32:12 Bodkin Arrow
33:59 Loom
34:49 Wheelbarrow
36:33 Chain Barding Armor
46:42 Imperial Age
49:49 Onager
55:01 Siege Engineers
55:08 Masonry
55:49 Hand Cart
Connection lost

Rejoining the realm…

Still unreachable

The connection could not be restored.

Session expired

The server has moved on; the page needs a fresh start.